 Dungeon Crawl Stone Soup version 0.30-a0-358-g0d69a1922f (webtiles) character file.

Game seed: 10958728036973438380

169 pyrow613 the Firebug (level 5, 0/41 HPs)
             Began as a Demigod Fire Elementalist on Nov 8, 2022.
             Slain by an orc wizard
             ... wielding a +0 dagger
              (2 damage)
             ... on level 3 of the Dungeon.
             The game lasted 00:11:08 (2228 turns).

pyrow613 the Firebug (Demigod Fire Elementalist)    Turns: 2228, Time: 00:11:09

Health: 0/41       AC:  2    Str:  9    XL:     5   Next: 4%
Magic:  10/11      EV: 12    Int: 27    God:
Gold:   149        SH:  0    Dex: 14    Spells: 6/9 levels left

rFire   . . .      SeeInvis .    n - +1 dagger (vamp)
rCold   . . .      Faith    .    (no shield)
rNeg    . . .      Spirit   .    a - +0 robe
rPois   .          Reflect  .    (no helmet)
rElec   .          Harm     .    (no cloak)
rCorr   .          Rampage  .    (no gloves)
Will    .....                    (no boots)
Stlth   ++........               (no amulet)
HPRegen 0.26/turn                o - +6 ring of intelligence
MPRegen 0.12/turn                (no ring)

@: no status effects
A: high MP 1, forlorn, divine attributes
a: no special abilities


You were on level 3 of the Dungeon.
You visited 1 branch of the dungeon, and saw 3 of its levels.

You collected 149 gold pieces.

Inventory:

Hand Weapons
 n - a +1 vampiric dagger (weapon)
Armour
 a - a +0 robe (worn)
Jewellery
 o - a +6 ring of intelligence (left hand)
Scrolls
 c - a scroll of immolation {unknown}
 f - a scroll of teleportation {unknown}
 h - 4 scrolls of amnesia {unknown}
 j - a scroll of acquirement {unknown}
 m - a scroll of blinking {unknown}
Potions
 b - a potion of magic
 d - a potion of might
 e - a potion of flight {unknown}
 i - a potion of degeneration {unknown}
 k - a potion of lignification {unknown}
 l - a potion of cancellation {unknown}


   Skills:
 + Level 1.7 Fighting
 - Level 1.7 Dodging
 - Level 1.7 Stealth
 + Level 2.6 Spellcasting
 * Level 2.9 Conjurations
 + Level 3.4 Fire Magic


You had 6 spell levels left.
You knew the following spells:

 Your Spells              Type           Power      Damage    Failure   Level
a - Foxfire               Conj/Fire      80%        2x1d8     2%          1
b - Scorch                Fire           44%        2d7       3%          2

Your spell library contained the following spells:

 Spells                   Type           Power      Damage    Failure   Level
 Inner Flame              Hex/Fire       12%        N/A       14%         3
 Ignite Poison            Fire/Tmut/Pois 9%         N/A       17%         3
 Kindle Blastsparks       Fire/Tloc/Air  18%        2d11      17%         3
 Flame Wave               Conj/Fire      20%        2d7       24%         4
 Freezing Cloud           Conj/Ice/Air   4%         6-21      86%         5
 Starburst                Conj/Fire      10%        6d5       98%         6
 Discord                  Hex            1%         N/A       100%        8


Dungeon Overview and Level Annotations

Branches:
Dungeon (3/15)

Shops:
D:1 *


Innate Abilities, Weirdness & Mutations

You have an increased reservoir of magic. (+10% MP)
You shall have no god before yourself.
Your divine heritage dramatically boosts your attributes as you level up.


Message History

Something hits you.
You're too confused to move!
Something hits you.
The orc wizard casts a spell.
The orc wizard flickers and vanishes!
You bump into the rock wall.
You feel less confused.
You hear some strange, mumbled words.
Something tries to affect you, but you resist.
Something hits you.
You hit something.
You feel better.
You hear some strange, mumbled words.
Something tries to affect you, but you resist.
You hear some strange, mumbled words.
A magic dart appears from out of thin air!
The magic dart hits you!
* * * LOW HITPOINT WARNING * * *
You closely miss something.
You hear some strange, mumbled words.
Something tries to affect you, but you resist.
Something hits you.
* * * LOW HITPOINT WARNING * * *
Unknown command.
Unknown command.
You closely miss something. Something hits you.
* * * LOW HITPOINT WARNING * * *
Something hits you.
* * * LOW HITPOINT WARNING * * *
Unknown command.
Unknown command.
Casting: Scorch (safe; 3% risk of failure)
Confirm with . or Enter, or press ? or * to list all spells.
You can't see any susceptible monsters within range! (Use Z to cast anyway.)
Okay, then.
Casting: Foxfire (safe; 2% risk of failure)
Press: ? - help, Q - select action, (/) - cycle Dir - look around, f - activate You conjure some foxfire!
Something hits you.
* * * LOW HITPOINT WARNING * * *
Something hits you.
You die...

.######+#.........#######
..........###.#...#
..........###.##..######
....)...†.....##..#....#
..........##..##..#....##
...............#..#......
.........###.#.#........#
.......{v# #.............
.......{@# ###...........
.......v.# #...#....>..
.........# #+#.#.......
.)........ ..........
...#####... ....#######
... #.... .....# .
#..........# ###...# . ..


There were no monsters in sight!

Vanquished Creatures
  A scorpion (D:2)
  Jessica (D:2)
  3 adders
  A worm (D:3)
  2 dart slugs
  An orc (D:3)
  8 ball pythons
  5 endoplasms
  A giant cockroach (D:3)
  7 goblins
  3 hobgoblins
  4 jackals (D:1)
  2 quokkas
  5 bats
  3 frilled lizards
  5 kobolds
  A rat (D:1)
53 creatures vanquished.

Vanquished Creatures (others)
  99 foxfires
99 creatures vanquished.

Grand Total: 152 creatures vanquished

Notes
Turn   | Place    | Note
-------+----------+-------------------------------------------
     0 | D:1      | pyrow613 the Demigod Fire Elementalist began the quest for
                  | the Orb.
     0 | D:1      | Reached XP level 1. HP: 14/14 MP: 5/5
    26 | D:1      | Found Furhoc's General Store.
    29 | D:1      | Reached skill level 1 in Conjurations
   143 | D:1      | Reached XP level 2. HP: 12/22 MP: 0/7
   577 | D:1      | Got the Anthology of Glamour and the Inferno
   878 | D:2      | Reached skill level 3 in Fire Magic
   899 | D:2      | Reached skill level 1 in Fighting
   899 | D:2      | Reached XP level 3. HP: 28/28 MP: 4/8
  1030 | D:2      | Noticed Jessica
  1036 | D:2      | Learned a level 2 spell: Scorch
  1044 | D:2      | Killed Jessica
  1282 | D:2      | Reached XP level 4. HP: 21/35 MP: 5/10
  2154 | D:3      | Reached XP level 5. HP: 41/41 MP: 8/11
  2228 | D:3      | HP: 2/41 [something (1)]
  2228 | D:3      | Slain by an orc wizard

Illustrated notes

Levels and vault maps discovered:
D:1:      minmay_arrival_five_plusses, layout_basic, serial_shops, shop
D:2:      layout_loops_corners, uniq_jessica
D:3:      layout_basic, nicolae_overflows_in_rows, due_unseen_surprise

Skill      XL: |  1  2  3 |
---------------+----------+-----
Conjurations   | 1 2 |  2.9
Spellcasting   | 2 |  2.6
Fire Magic     | 3 |  3.4
Fighting       | 1 |  1.7
Dodging        | |  1.7
Stealth        | |  1.7

Action                   |  1- 3 |  4- 6 || total
-------------------------+-------+-------++-------
Melee: Unarmed           |    16 |       ||    16
       Dagger            |    26 |    34 ||    60
 Cast: Foxfire           |    39 |    22 ||    61
       Scorch            |     3 |     6 ||     9
  Use: Scroll            |     2 |       ||     2
       Potion            |       |     1 ||     1
 Stab: Sleeping          |     2 |       ||     2
Armor: Robe              |     9 |     8 ||    17
Dodge: Dodged            |    47 |    23 ||    70

Table legend: (Time is in decaauts)
 A = Elapsed time spent in this place.
 B = Non-inter-level travel time spent in this place.
 C = Inter-level travel time spent in this place.
 D = Time resting spent in this place.
 E = Time spent auto-exploring this place.
 F = Levels seen in this place.
 G = Mean time per level.
                   A        B        C        D        E       F      G
               +--------+--------+--------+--------+--------+-----+--------+
         Total |   2226 |   2125 |    101 |    158 |   1561 |   3 |  742.0 |
       Dungeon |   2226 |   2125 |    101 |    158 |   1561 |   3 |  742.0 |
               +--------+--------+--------+--------+--------+-----+--------+

Top non-repeatable levels by time:
     D:2: 1140 daAuts
     D:1: 870 daAuts
     D:3: 215 daAuts
